 Dungeon Sprint DCSS version 0.20-a0-1034-gb277f92 (webtiles) character file.

32 Leonis the Skirmisher (level 3, -4/36 HPs)
             Began as a Hill Orc Fighter on Apr 21, 2017.
             Drowned by a water elemental (6 damage)
             ... in the Dungeon (Sprint III: "The Ten Rune Challenge").
             The game lasted 00:01:33 (398 turns).

Leonis the Skirmisher (Hill Orc Fighter)             Turns: 398, Time: 00:01:34

Health: -4/36      AC:  7    Str: 19    XL:     3   Next: 27%
Magic:  3/3        EV:  7    Int:  8    God:
Gold:   16         SH:  9    Dex: 10    Spells: 2/2 levels left

rFire    . . .     SeeInvis .   a - +0 war axe
rCold    . . .     Gourm    .   c - +0 shield
rNeg     . . .     Faith    .   b - +0 scale mail
rPois    .         Spirit   .   (no helmet)
rElec    .         Reflect  .   (no cloak)
rCorr    .         Harm     .   (no gloves)
MR       .....     NoTele   +   (no boots)
Stlth    ..........             (no amulet)
Regen    0.2/turn               (no ring)
MPRegen  0.1/turn               (no ring)

@: engulfed (cannot breathe), hasted, very quick
A: no striking features
a: no special abilities


You were in the Dungeon.
You were not hungry.

You visited 1 branch You collected 16 gold pieces.

Inventory:

Hand Weapons
 a - a +0 war axe (weapon)
Armour
 b - a +0 scale mail (worn)
 c - a +0 shield (worn)
Scrolls
 g - 2 scrolls of torment {unknown}
 k - a scroll of blinking
 l - 2 scrolls of remove curse {unknown}
 m - a scroll of magic mapping {unknown}
 p - 2 scrolls of identify
Potions
 d - a potion of might
 e - a potion of curing
 i - 2 potions of magic
 j - a potion of berserk rage
 o - 3 potions of flight
Comestibles
 f - 2 bread rations
 n - 3 fruits


   Skills:
 * Level 5.6 Fighting
 + Level 4.0 Axes
 + Level 4.5 Armour
 + Level 0.1 Dodging
 + Level 5.0 Shields


You had 2 spell levels left.
You didn't know any spells.

Dungeon Overview and Level Annotations

Branches:
Dungeon (1/1)

Altars:


Message History

The water elemental hits you!
The water elemental engulfs you in water!
There is an open door to the Ecumenical Temple, spattered with blood here.
You hit the water elemental.
The water elemental is lightly damaged.
Your lungs strain for air!
The water elemental hits you.
You slash the water elemental!
The water elemental is moderately damaged.
* * * LOW HITPOINT WARNING * * *
Your lungs strain for air!
The water elemental hits you.
* * * LOW HITPOINT WARNING * * *
Your shield and scale mail prevent you from hitting the water elemental.
The water elemental is moderately damaged.
* * * LOW HITPOINT WARNING * * *
Your lungs strain for air!
You hit the water elemental but do no damage.
The water elemental is moderately damaged.
You die...

▓▓▓▓▓▓▓ ▓▓▓ ..#(..####
##.# ..#......#####..#
.##.......#!!#..#
#.##.##...#..#..###+#+##
#.##.###..##'#..#.......
.####.##..###...@E⌠.....
###..##..####...#...####
.....##..###....#.⌠.#
##..##...##÷....#...#
#..##....#......#+###
..###..##.#.....# (.#
#.. ####....# ▓▓▓ ▓▓▓
▓▓▓▓▓▓


You could see a water elemental.

Vanquished Creatures
  A human (D)
  2 oozes (D)
  A phantom (D)
  2 rats (D)
6 creatures vanquished.

Vanquished Creatures (others)
  2 draconian scorchers (D)
  6 hellions (D)
  A yaktaur (D)
  4 plants (D)
13 creatures vanquished.

Grand Total: 19 creatures vanquished

Notes
Turn   | Place    | Note
-------+----------+-------------------------------------------
     0 | D        | Leonis the Hill Orc Fighter began the quest for the Orb.
     0 | D        | Reached XP level 1. HP: 19/19 MP: 1/1
    14 | D        | Reached XP level 2. HP: 18/28 MP: 2/2
   137 | D        | Killed a hellion
   143 | D        | Killed a hellion
   147 | D        | Killed a hellion
   156 | D        | Killed a white draconian scorcher
   162 | D        | Killed a yaktaur
   163 | D        | Reached skill level 5 in Fighting
   163 | D        | Reached skill level 5 in Shields
   163 | D        | Reached XP level 3. HP: 29/36 MP: 3/3
   173 | D        | Killed a hellion
   174 | D        | Killed a white draconian scorcher
   191 | D        | Killed a hellion
   284 | D        | Killed a hellion
   393 | D        | Noticed a water elemental
   398 | D        | Drowned by a water elemental

Vault maps used:
D:        dungeon_sprint_mu

Skill      XL: |  1  2  3 |
---------------+----------+-----
Fighting       | 4 5 |  5.6
Armour         | 4 |  4.5
Shields        | 4 5 |  5.0
Axes           | 3 4 |  4.0
Dodging        | |  0.1

Action                   || total
-------------------------++-------
Melee: War axe           ||    45
  Use: Potion            ||     2
Armor: Scale mail        ||    14
Dodge: Dodged            ||    10
Block: Shield            ||    17
